AoeStats
← ThunderboltX

Four Lakes

509797024Analyzed
1v1 RM · 5d ago on Sep 28, 2026· 38m 53s· 2 players
Game mode
Random Map
Map size
Tiny (2 player)
Population
200
Speed
Normal
Resources
Standard
Victory
Conquest
Starting age
Dark Age
Ending age
Imperial Age
RankedLock teamsTeams togetherTeam positionsShared explorationLock speedFull tech treeHidden civsTurbo modeCheats
Victory
Defeat
🇨🇦 Byzantines · Canada
2502
+10
🇧🇬 Slavs · Bulgaria
2364
-10
Survivalist
7:26 Loom
9:50 Feudal Age
10:20 Double-Bit Axe
12:13 Fishing Lines
15:51 Wheelbarrow
18:25 Castle Age
16:23 Fletching
17:10 Padded Archer Armor
18:32 Elite Skirmisher
19:08 Bodkin Arrow
20:44 Leather Archer Armor
20:56 Crossbowman
28:41 Sanctity
29:22 Redemption
36:23 Ballistics
ThunderboltX
7:02 Loom
9:42 Feudal Age
9:45 Man-at-Arms
10:10 Double-Bit Axe
11:59 Fishing Lines
19:36 Castle Age
20:44 Scale Barding Armor
20:51 Bloodlines
22:01 Light Cavalry
32:17 Town Watch
33:08 Wheelbarrow
35:22 Forging
35:46 Chain Barding Armor
35:46 Husbandry
Connection lost

Rejoining the realm…

Still unreachable

The connection could not be restored.

Session expired

The server has moved on; the page needs a fresh start.